 Dungeon Sprint DCSS version 0.26-a0-649-gf8c6c3aab7 (webtiles) character file.

Game seed: 4737202897043713090

23 sahdkjhfkaj the Covert (level 2, -2/33 HPs)
             Began as a Naga Necromancer on Sept 27, 2020.
             Was a Believer of Kikubaaqudgha.
             Slain by a river rat (3 damage)
             ... in the Dungeon (Sprint VII: "The Pits").
             The game lasted 00:01:14 (732 turns).

sahdkjhfkaj the Covert (Naga Necromancer)            Turns: 732, Time: 00:01:14

Health: -2/33      AC:  1    Str: 10    XL:     2   Next: 95%
Magic:  1/5        EV: 10    Int: 15    God:    Kikubaaqudgha [**....]
Gold:   0          SH:  0    Dex: 11    Spells: 4/5 levels left

rFire    . . .     SeeInvis +   n - +2 dagger
rCold    . . .     Faith    .   (no shield)
rNeg     . . .     Spirit   .   a - +0 robe
rPois    +         Reflect  .   (no helmet)
rElec    .         Harm     .   (no cloak)
rCorr    .         Rampage  .   (no gloves)
MR       .....     NoTele   +   (no barding)
Stlth    ..........             (no amulet)
HPRegen  0.11/turn              (no ring)
MPRegen  0.09/turn              (no ring)

@: berserking (expiring), quick
A: large, see invisible, deformed body, poison resistance, slowness 2, spit
poison 1, AC +0
a: Spit Poison, Receive Corpses, Renounce Religion


You were in the Dungeon.
You worshipped Kikubaaqudgha.
Kikubaaqudgha was pleased with you.
You visited 1 branch

Inventory:

Hand Weapons
 n - a +2 dagger (weapon)
Armour
 a - a +0 robe (worn)
Scrolls
 h - a scroll of blinking
 j - 3 scrolls of remove curse
 k - 5 scrolls of amnesia
 l - a scroll of summoning
 m - 2 scrolls of vulnerability
Potions
 e - a potion of haste
 f - 4 potions of magic
 g - a potion of berserk rage
 i - 2 potions of invisibility


   Skills:
 - Level 1.5 Dodging
 + Level 8.8 Stealth
 - Level 2.0 Spellcasting
 - Level 4.3 Necromancy


You had 4 spell levels left.
You knew the following spells:

 Your Spells              Type           Power        Failure   Level
a - Pain                  Necr           ##..         3%          1

Your spell library contained the following spells:

 Spells                   Type           Power        Failure   Level
 Animate Skeleton         Necr           ##....       3%          1
 Sublimation of Blood     Necr           ##........   5%          2
 Vampiric Draining        Necr           ##........   11%         3
 Corpse Rot               Necr/Air       N/A          14%         2
 Animate Dead             Necr           ##........   36%         4
 Agony                    Necr           ##......     71%         5


Dungeon Overview and Level Annotations

Branches:
Dungeon (1/1)

Altars:
Ashenzari
Cheibriados
Dithmenos
Elyvilon
Fedhas
Gozag
Hepliaklqana
Kikubaaqudgha
Makhleb
Nemelex Xobeh
Okawaru
Qazlal
Ru
Sif Muna
Trog
Uskayaw
Vehumet
Wu Jian
Xom
Yredelemnul
Zin
The Shining One
Beogh
Jiyva
Lugonu


Innate Abilities, Weirdness & Mutations

You cannot wear boots.
Your serpentine skin is tough. (AC +0)
You have supernaturally acute eyesight. (SInv)
Armour fits poorly on your strangely shaped body.
Your system is resistant to poisons. (rPois)
You cover ground very slowly.
You can spit poison.


Message History

Unknown command.
Unknown command.
You hit the river rat.
The river rat is heavily wounded.
The jackal bites you.
* * * LOW HITPOINT WARNING * * *
The jackal barely misses you. The jackal bites you.
* * * LOW HITPOINT WARNING * * *
The jackal bites you.
* * * LOW HITPOINT WARNING * * *
Unknown command.
You barely miss the river rat.
The river rat is heavily wounded.
The jackal barely misses you.
The floating eye gazes piercingly through you!
You shrug off the repeated paralysis!
The jackal barely misses you. The river rat bites you.
You die...
Kikubaaqudgha rasps: "You have failed me!
Welcome... death!"

#_________.#
#_________.#
#_______...###########++
##########'##...........
#..(.')))'.##......#..#.
##########.##...........
#...........'...........
#+#####'#####......#..#.
#..#..#@.##...........
#..'..hrh#####'#####++
##+####G###.......#


hhh #.......# ....##.......# #+#####...<...# #.......# #.......# #.......# You
could see a floating eye, a river rat and 5 jackals.

Vanquished Creatures
  A gnoll (D)
  An ufetubus (D)
  An orc (D)
  3 jackals (D)
  A bat (D)
  A leopard gecko skeleton (D)
8 creatures vanquished.

Notes
Turn   | Place    | Note
-------+----------+-------------------------------------------
     0 | D        | sahdkjhfkaj the Naga Necromancer began the quest for the
                  | Orb.
     0 | D        | Reached XP level 1. HP: 15/15 MP: 3/3
    29 | D        | Found a bloodstained altar of Trog.
    29 | D        | Found a shimmering blue altar of Sif Muna.
    29 | D        | Found a viscous altar of Jiyva.
    29 | D        | Found a hazy altar of Hepliaklqana.
    29 | D        | Found an opulent altar of Gozag.
    30 | D        | Found a glowing golden altar of the Shining One.
    30 | D        | Found a glowing silver altar of Zin.
    30 | D        | Found a basalt altar of Yredelemnul.
    30 | D        | Found a shimmering altar of Xom.
    30 | D        | Found an ornate altar of the Wu Jian Council.
    30 | D        | Found a sacrificial altar of Ru.
    30 | D        | Found a stormy altar of Qazlal.
    30 | D        | Found an iron altar of Okawaru.
    30 | D        | Found a sparkling altar of Nemelex Xobeh.
    30 | D        | Found a burning altar of Makhleb.
    30 | D        | Found a blossoming altar of Fedhas.
    30 | D        | Found a white marble altar of Elyvilon.
    30 | D        | Found a shadowy altar of Dithmenos.
    30 | D        | Found a snail-covered altar of Cheibriados.
    31 | D        | Found a radiant altar of Vehumet.
    31 | D        | Found a corrupted altar of Lugonu.
    31 | D        | Found a roughly hewn altar of Beogh.
    32 | D        | Found a hide-covered altar of Uskayaw.
    32 | D        | Found an ancient bone altar of Kikubaaqudgha.
    32 | D        | Found a broken altar of Ashenzari.
    40 | D        | Became a worshipper of Kikubaaqudgha
    81 | D        | Reached skill level 4 in Stealth
    95 | D        | Reached * piety under Kikubaaqudgha
    95 | D        | Identified Kikubaaqudgha's Volume of Darkness
                  | (Kikubaaqudgha gifted it to you in the Dungeon)
    95 | D        | Received a gift from Kikubaaqudgha
    95 | D        | Reached skill level 5 in Stealth
   264 | D        | Reached skill level 6 in Stealth
   264 | D        | Reached XP level 2. HP: 4/22 MP: 3/5
   267 | D        | HP: 1/22 [leopard gecko skeleton (4)]
   443 | D        | Reached ** piety under Kikubaaqudgha
   443 | D        | Reached skill level 7 in Stealth
   448 | D        | Reached skill level 8 in Stealth
   719 | D        | Noticed a floating eye
   727 | D        | Paralysed by a floating eye for 2 turns
   731 | D        | HP: 1/33 [jackal (1)]
   732 | D        | Slain by a river rat

Illustrated notes

Levels and vault maps discovered:
D:        pitsprint [storerooms_1, entrance_room_1, metal_vault_5, armoury_1,
          mini_pit_1, grid_room_1, main_hall_1, silver_pit, the_coven_1,
          the_vestibule_1, steel_vault_2, golden_pit, hallway_of_sentries,
          crystal_vault_5, iron_vault_4, final_vault]

Skill      XL: |  1  2 |
---------------+-------+-----
Stealth        | 6 8 |  8.8
Dodging        | |  1.5
Spellcasting   | |  2.0
Necromancy     | |  4.3

Action                   || total
-------------------------++-------
Melee: Dagger            ||    24
 Cast: Pain              ||    10
 Abil: Spit Poison       ||     1
  Use: Potion            ||     4
 Stab: Sleeping          ||     2
Armor: Robe              ||     8
Dodge: Dodged            ||    32

Table legend: (Time is in decaauts)
 A = Elapsed time spent in this place.
 B = Non-inter-level travel time spent in this place.
 C = Inter-level travel time spent in this place.
 D = Time resting spent in this place.
 E = Time spent auto-exploring this place.
 F = Levels seen in this place.
 G = Mean time per level.
                   A        B        C        D        E       F      G
               +--------+--------+--------+--------+--------+-----+--------+
         Total |    767 |    767 |      0 |    618 |      0 |   1 |  767.0 |
       Dungeon |    767 |    767 |      0 |    618 |      0 |   1 |  767.0 |
               +--------+--------+--------+--------+--------+-----+--------+

Top non-repeatable levels by time:
       D: 767 daAuts
